 Dungeon Crawl Stone Soup version 0.23.2-1-ga50397a6bc (webtiles) character file.

Game seed: 14262216125904738684

68 Mrkan the Sneak (level 4, -1/23 HPs)
             Began as a Vine Stalker Assassin on May 20, 2019.
             Slain by an ogre
             ... wielding a +0 giant spiked club
              (12 damage)
             ... on level 2 of the Dungeon.
             The game lasted 00:01:57 (1034 turns).

Mrkan the Sneak (Vine Stalker Assassin)             Turns: 1034, Time: 00:01:57

Health: -1/23      AC:  9    Str: 14    XL:     4   Next: 19%
Magic:  0/5        EV:  6    Int: 11    God:
Gold:   32         SH:  0    Dex: 16    Spells: 3/3 levels left

rFire    . . .     SeeInvis .   a - +2 dagger
rCold    . . .     Gourm    .   (no shield)
rNeg     . . .     Faith    .   s - +0 chain mail
rPois    .         Spirit   +   (no helmet)
rElec    .         Reflect  .   d - +0 cloak
rCorr    .         Harm     .   (no gloves)
MR       .....                  (no boots)
Stlth    ..........             (no amulet)
HPRegen  0.47/turn              (no ring)
MPRegen  0.09/turn              (no ring)

@: no status effects
A: fangs 2, regeneration 1, magic shield, antimagic bite, no potion heal 3, rot
immunity
a: no special abilities


You were on level 2 of the Dungeon.
You were not hungry.

You visited 1 branch of the dungeon, and saw 2 of its levels.

You collected 32 gold pieces.

Inventory:

Hand Weapons
 a - a +2 dagger (weapon)
 b - a +0 blowgun
Missiles
 e - 8 poisoned needles
 f - 2 curare-tipped needles
Armour
 c - a +0 robe
 d - a +0 cloak (worn)
 s - a +0 chain mail (worn)
Jewellery
 h - an uncursed amulet of magic regeneration {unknown}
 p - a cursed -4 ring of protection {unknown}
Scrolls
 j - a scroll of remove curse {unknown}
 l - 2 scrolls of teleportation {unknown}
 r - a scroll of enchant armour {unknown}
 t - a scroll of identify {unknown}
Potions
 i - a potion of heal wounds {unknown}
 k - a potion of might {unknown}
 m - a potion of brilliance {unknown}
 n - 3 potions of degeneration {unknown}
 o - a potion of agility {unknown}
 q - a potion of flight {unknown}
 u - a potion of curing {unknown}
Comestibles
 g - 3 rations


   Skills:
 + Level 2.3 Fighting
 + Level 2.3 Short Blades
 + Level 2.3 Throwing
 - Level 0.7 Dodging
 * Level 5.8 Stealth


You had 3 spell levels left.
You didn't know any spells.
Your spell library was empty.

Dungeon Overview and Level Annotations

Branches:
Dungeon (2/15)

Altars:
Yredelemnul

Annotations:
D:2 Natasha


Innate Abilities, Weirdness & Mutations

You have extremely sharp teeth.
Your natural rate of healing is unusually fast.
When hurt, damage is shared between your health and your magic reserves.
Your bite disrupts and absorbs the magic of your enemies.
Potions cannot restore your health.
You are immune to rotting.


Message History

The ogre completely misses you.
Natasha mumbles some strange words.
Natasha mumbles some strange words.
The ogre hits you with a +0 giant spiked club!
Ouch! That really hurt!
The crimson imp blinks!
The ogre barely misses you.
The white imp sputters.
You hit the ogre. You bite the ogre. You drain its power.
You feel invigorated.
The ogre is moderately wounded.
The ogre hits you with a +0 giant spiked club!
You hit the ogre. You bite the ogre. You drain its power.
You feel invigorated.
The ogre is moderately wounded.
The ogre closely misses you. The ogre barely misses you.
The ogre hits you but does no damage.
You feel yourself speed up.
The ogre hits you with a +0 giant spiked club!
Ouch! That really hurt!
You die...

##...+...####
#...##.## #... #.#
#... #.# #..O #.#
#... #.# #. #...
#.# #.# #.# ###..
#@# .....# #O# #
...... #h#.#
......########.#.#
.........5.5.....#
....$#..######.###
.....#..# . #.#
.?...##.# #.#†#
......5.#
#.#.###.#


You could see an ogre and Natasha.

Vanquished Creatures
  Natasha (D:2)
  An ooze (D:1)
  4 dart slugs (D:1)
  3 leopard geckos
  3 bats (D:1)
  2 jackals (D:2)
  A ball python (D:1)
  A frilled lizard (D:1)
  7 goblins (D:1)
  3 kobolds (D:1)
  3 rats (D:1)
29 creatures vanquished.

Notes
Turn   | Place    | Note
-------+----------+-------------------------------------------
     0 | D:1      | Mrkan the Vine Stalker Assassin began the quest for the
                  | Orb.
     0 | D:1      | Reached XP level 1. HP: 11/11 MP: 2/2
   112 | D:1      | Reached skill level 5 in Stealth
   121 | D:1      | Reached XP level 2. HP: 8/15 MP: 3/3
   517 | D:1      | Reached XP level 3. HP: 15/18 MP: 4/4
   893 | D:2      | Noticed Natasha
   908 | D:2      | Killed Natasha
   908 | D:2      | Gained mutation: Your natural rate of healing is unusually
                  | fast. [Vine Stalker growth]
   908 | D:2      | Reached XP level 4. HP: 10/23 MP: 2/5
   930 | D:2      | Found a basalt altar of Yredelemnul.
   964 | D:2      | Noticed an ogre
  1014 | D:2      | Noticed Natasha
  1034 | D:2      | Slain by an ogre

Skill      XL: |  1  2 |
---------------+-------+-----
Stealth        | 5 |  5.8
Fighting       | 2 |  2.3
Short Blades   | 2 |  2.3
Throwing       | 2 |  2.3
Dodging        | |  0.7

Action                   |  1- 3 |  4- 6 || total
-------------------------+-------+-------++-------
Melee: Dagger            |    65 |     9 ||    74
       Bite              |    19 |     3 ||    22
 Stab: Sleeping          |    10 |       ||    10
Armor: Robe              |     2 |       ||     2
       Chain mail        |     6 |     6 ||    12
Dodge: Dodged            |    17 |     6 ||    23
